 Dungeon Crawl Stone Soup version 0.18-a0-1413-g4eaa9ac (webtiles) character file.

20 M4edhros the Jester (level 2, -6/18 HPs)
             Began as an Octopode Artificer on Feb 25, 2016.
             Was a Follower of Nemelex Xobeh.
             Mangled by a gnoll
             ... wielding a +0 spear
              (9 damage)
             ... on level 2 of the Dungeon.
             The game lasted 00:00:41 (1174 turns).

M4edhros the Jester (Octopode Artificer)            Turns: 1174, Time: 00:00:41

Health: -6/18      AC:  1    Str: 10    XL:     2   Next: 79%
Magic:  4/4        EV: 13    Int: 14    God:    Nemelex Xobeh [*.....]
Gold:   46         SH:  0    Dex: 12    Spells: 0 memorised, 1 level left

rFire  + . .     SeeInvis .     (no weapon)
rCold  x . .     Gourm    .     (no shield)
rNeg   . . .     Faith    .     (helmet restricted)
rPois  .         Spirit   .     (no amulet)
rElec  .         Dismiss  .     a - ring of fire
rCorr  .         Reflect  .     (no ring)
SustAt .         Harm     .     (no ring)
MR     .....                    (no ring)
Stlth  +++.......               (no ring)
                                (no ring)
                                (no ring)
                                (no ring)

@: not resistant to hostile enchantments, fairly stealthy
A: almost no armour, amphibious, 8 rings, constrict 8, camouflage 1, gelatinous
body 1
a: Renounce Religion


You were on level 2 of the Dungeon.
You worshipped Nemelex Xobeh.
Nemelex Xobeh was aware of your devotion.
You were hungry.

You visited 1 branch of the dungeon, and saw 2 of its levels.

You collected 46 gold pieces.

Inventory:

Jewellery
 a - a ring of fire (left tentacle)
Wands
 b - a wand of flame (15/48)
 c - a wand of enslavement (15/24)
 d - a wand of random effects (15/48)
Scrolls
 e - a scroll of identify {unknown}
 h - 3 scrolls of noise {unknown}
 i - a scroll of fog {unknown}
 k - 2 scrolls of blinking {unknown}
 l - a scroll of immolation {unknown}
 n - a scroll of remove curse {unknown}
 p - a scroll of recharging {unknown}
Potions
 g - 3 potions of might {unknown}
 j - a potion of heal wounds {unknown}
 m - 2 potions of invisibility {unknown}
 o - a potion of curing {unknown}
Miscellaneous
 r - a plain deck of escape
Comestibles
 f - a bread ration
 q - a beef jerky


   Skills:
 - Level 1.0 Fighting
   Level 1.0 Short Blades
 + Level 3.2 Dodging
 - Level 1.3 Stealth
 - Level 3.2 Evocations


You had one spell level left.
You didn't know any spells.

Dungeon Overview and Level Annotations

Branches:
Dungeon (2/15)

Altars:
Nemelex Xobeh


Innate Abilities, Weirdness & Mutations

You cannot wear most types of armour.
You are amphibious.
You can wear up to eight rings at the same time.
You can use your tentacles to constrict eight enemies at once.
Your skin changes colour to match your surroundings (Stealth).
Your rubbery body absorbs attacks (AC +1).


Message History

The gnoll shouts!
The gnoll shouts!
There is a stone staircase leading up here.
You climb upwards.
There is a stone staircase leading down here.
Done exploring.
Done exploring.
(D) Dungeon
Where to? (Enter - D:2, ? - help) HP restored.
You climb downwards.
A hobgoblin comes into view. It is wielding a club.
The hobgoblin shouts!
The gnoll hits you with a whip. The gnoll hits you with a spear.
The gnoll hits you with a whip!
* * * LOW HITPOINT WARNING * * *
The gnoll hits you with a spear!
Ouch! That really hurt!
You die...
Your body disappears without a glow.

...# ########## . #..#
#........#
..#####..###........#
..........#.......?#
#.##...8...#..†.....#
#.....8.8..#........#
#.w8._.8.#........#
##..8.8.g#........#
.......8.g.@g........#
......g....##.####.....
#.....g....##.# .....
##.#...#.#.##.# .....
.......#.#.##.# ..
##..##.#.#.#... ..
#.#.# .. #(#


You could see a worm (wandering), 4 gnolls and a hobgoblin.

Vanquished Creatures
  An adder (D:2)
  A dart slug (D:1)
  A giant cockroach (D:1)
  A goblin (D:1)
  A hobgoblin (D:1)
  3 bats
  A kobold (D:1)
  A rat (D:1)
10 creatures vanquished.

Notes
Turn   | Place    | Note
--------------------------------------------------------------
     0 | D:1      | M4edhros the Octopode Artificer began the quest for the Orb.
     0 | D:1      | Reached XP level 1. HP: 13/13 MP: 3/3
   420 | D:1      | Reached XP level 2. HP: 4/18 MP: 4/4
   993 | D:2      | Found a faded altar to an unknown god.
  1166 | D:2      | Became a worshipper of Nemelex Xobeh the Trickster
  1166 | D:2      | Received a gift from Nemelex Xobeh
  1166 | D:2      | Reached * piety under Nemelex Xobeh
  1174 | D:2      | Mangled by a gnoll

Vault maps used:
D:1:      minmay_arrival_stair_chambers
D:2:      ecumenical_altar_2

Skill      XL: |  1  2 |
---------------+-------+-----
Dodging        | 3 |  3.2
Fighting       | |  1.0
Short Blades   | |  1.0
Stealth        | |  1.3
Evocations     | |  3.2

Action                   || total
-------------------------++-------
Melee: Unarmed           ||    35
 Stab: Sleeping          ||     2
